 Dungeon Crawl Stone Soup version 0.22.1-1-ga44c0e56f4 (webtiles) character file.

352 Jynx the Changer (level 6, 0/38 HPs)
             Began as an Octopode Transmuter on Oct 25, 2018.
             Was a Follower of Ashenzari.
             Succumbed to Robin's poison
             ... on level 4 of the Dungeon.
             The game lasted 00:08:44 (4455 turns).

Jynx the Changer (Octopode Transmuter)              Turns: 4455, Time: 00:08:45

Health: 0/38       AC:  2    Str:  9    XL:     6   Next: 61%
Magic:  6/11       EV: 22    Int: 15    God:    Ashenzari [*.....]
Gold:   163        SH:  0    Dex: 20    Spells: 1/12 levels left

rFire    . . .     SeeInvis .     - Unarmed
rCold    . . .     Gourm    .   (shield currently unavailable)
rNeg     . . .     Faith    .   (helmet currently unavailable)
rPois    x         Spirit   .   (no amulet)
rElec    .         Reflect  .   (no ring)
rCorr    .         Harm     .   (no ring)
MR       .....     Clarity  +   (no ring)
Stlth    ++........             (no ring)
HPRegen  0.12/turn              (no ring)
MPRegen  0.12/turn              (no ring)
                                (no ring)
                                (no ring)

@: lethally poisoned (0 -> -42), spider-form
A: tiny, almost no armour, stealthy swim, (amphibious), 8 rings, (constrict 8),
clarity
a: End Transformation, Curse Item, Scrying, Renounce Religion


You were on level 4 of the Dungeon.
You worshipped Ashenzari.
Ashenzari was aware of your devotion.
You were not hungry.
You were a venomous arachnid creature.
You visited 1 branch of the dungeon, and saw 4 of its levels.

You collected 163 gold pieces.

Inventory:

Missiles
 a - 46 arrows
Scrolls
 d - 2 scrolls of identify
 f - a scroll of blinking {unknown}
 g - a scroll of enchant weapon {unknown}
 i - a scroll of enchant armour {unknown}
Comestibles
 c - 3 rations


   Skills:
 - Level 1.0 Fighting
 + Level 3.7 Dodging
 - Level 3.0 Unarmed Combat
 + Level 3.5 Spellcasting
 * Level 5.0 Transmutations


You had one spell level left.
You knew the following spells:

 Your Spells              Type           Power        Failure   Level  Hunger
a - Beastly Appendage     Tmut           ###...       10%         1    None
b - Sticks to Snakes      Tmut           ###.....     12%         2    ##.....
c - Spider Form           Tmut/Pois      ##........   41%         3    ###....
d - Blade Hands           Tmut           ###.......   77%         5    ######.

Your spell library contained the following spells:

 Spells                   Type           Power        Failure   Level  Hunger
 Ice Form                 Ice/Tmut       ##......     77%         4    ####...


Dungeon Overview and Level Annotations

Branches:
Dungeon (4/15)
 Temple: D:4-7

Altars:
Ashenzari
Cheibriados

Annotations:
D:4 Robin


Innate Abilities, Weirdness & Mutations

You cannot wear most types of armour.
You are very stealthy in the water. (Stealth+)
((You are amphibious.))
You can wear up to eight rings at the same time.
((You can use your tentacles to constrict eight enemies at once.))
((Your skin changes colour to match your surroundings (Stealth+).))
((Your rubbery body absorbs attacks. (AC +1, EV +1)))
You possess an exceptional clarity of mind.


Message History

You tentacle-slap Robin but do no damage.
You grab Robin. You squeeze Robin, but do no damage.
Robin is lightly wounded.
You constrict Robin.
* * * LOW HITPOINT WARNING * * *
You feel very sick. Robin closely misses you.
You aren't carrying any potions.
As you read the scroll of fear, it crumbles to dust.
You assume a fearsome visage.
Robin looks frightened!
You constrict Robin.
* * * LOW HITPOINT WARNING * * *
You feel very sick.
Robin escapes!
Unknown command.
Casting: Spider Form (safe; 21% risk of failure)
Confirm with . or Enter, or press ? or * to list all spells.
You turn into a venomous arachnid creature.
* * * LOW HITPOINT WARNING * * *
You feel very sick.
You die...

...... #.....
.......#....
......#.... #
#...##..# #.
##...##..## ##.g
#.........# .....
#.........#
...gg.#...g...s<#
....gg'.......).#
.>....#.........#
#..#. ###...##.##
# # #...##+#
.......
..........
.............
...##...##...


You could see Robin (fleeing).

Vanquished Creatures
  2 orc priests
  3 orc wizards (D:3)
  Jessica (D:2)
  5 adders (D:2)
  2 gnolls (D:2)
  2 shadow imps
  A worm (D:3)
  4 dart slugs
  5 leopard geckos
  9 orcs
  7 bats
  3 giant cockroaches
  9 goblins
  11 hobgoblins
  8 kobolds
  A quokka (D:2)
  2 ball pythons (D:2)
  4 frilled lizards
  8 rats
87 creatures vanquished.

Notes
Turn   | Place    | Note
-------+----------+-------------------------------------------
     0 | D:1      | Jynx the Octopode Transmuter began the quest for the Orb.
     0 | D:1      | Reached XP level 1. HP: 13/13 MP: 3/3
   260 | D:1      | Reached XP level 2. HP: 14/18 MP: 5/5
   897 | D:1      | Learned a level 2 spell: Sticks to Snakes
  1216 | D:2      | Noticed Jessica
  1227 | D:2      | Killed Jessica
  1227 | D:2      | Reached skill level 3 in Transmutations
  1227 | D:2      | Reached XP level 3. HP: 23/23 MP: 4/6
  1328 | D:2      | Found a snail-covered altar of Cheibriados.
  1402 | D:1      | Learned a level 3 spell: Spider Form
  1407 | D:2      | Reached XP level 4. HP: 28/28 MP: 3/7
  1690 | D:2      | Reached XP level 5. HP: 13/33 MP: 9/9
  2024 | D:2      | Reached skill level 4 in Transmutations
  2408 | D:2      | Found a shattered altar of Ashenzari.
  2414 | D:2      | Became a worshipper of Ashenzari the Shackled
  2707 | D:3      | Reached XP level 6. HP: 29/38 MP: 8/10
  2815 | D:3      | Learned a level 5 spell: Blade Hands
  3266 | D:3      | Gained mutation: You possess an exceptional clarity of
                  | mind. [potion of mutation]
  4013 | D:3      | Reached * piety under Ashenzari
  4225 | D:4      | Noticed Robin
  4399 | D:3      | Reached skill level 5 in Transmutations
  4455 | D:4      | Succumbed to Robin's poison

Skill      XL: |  1  2  3  4  5  6 |
---------------+-------------------+-----
Transmutations | 3 4 5 |  5.0
Dodging        | 3 |  3.7
Spellcasting   | 3 |  3.5
Fighting       | |  1.0
Unarmed Combat | |  3.0

Action                   |  1- 3 |  4- 6 || total
-------------------------+-------+-------++-------
Melee: Unarmed           |    57 |   158 ||   215
       Constrict         |    17 |    27 ||    44
       Tentacles         |     8 |    15 ||    23
       Kick              |     7 |    24 ||    31
       Punch             |       |     1 ||     1
 Cast: Beastly Appendage |    16 |    17 ||    33
       Spider Form       |     1 |    12 ||    13
       Sticks to Snakes  |       |     1 ||     1
  Use: Potion            |       |     3 ||     3
       Scroll            |       |     2 ||     2
 Stab: Sleeping          |     6 |     5 ||    11
       Distracted        |       |     1 ||     1
  Eat: Chunk             |     2 |    11 ||    13
Armor: Skin              |     4 |    15 ||    19
Dodge: Dodged            |    46 |   137 ||   183
